Map: Port Aleksander LE

Players

Astrea - Winner!

  • Race: Protoss Protoss
  • League: Master
  • Spawn Location: 11:00

Kelazhur

  • Race: Terran Terran
  • League: Diamond
  • Spawn Location: 5:00

Event: 2019 WCS Winter Americas

VOD

Have the link to the VOD?

Description

Time

  • Played on: Feb. 17, 2019, 2:51 p.m.
  • Length: 18:00

All games in this series

Show
View Real Time Build Order
Export as new Build Order

Astrea Protoss - Winner!

Build Orders: 1 Gate Expand, Archon Immortal 

Get SALT Encoding   

  12  0:00  Probe  
  13  0:12  Probe  
  14  0:18  Pylon  
  14  0:24  Probe  
  15  0:32  Probe  
  15  0:38  Gateway  
  15  0:40  Probe  
  16  0:49  Assimilator  
  17  0:51  Probe  
  18  1:03  Probe  
  19  1:15  Probe  
  20  1:26  Nexus  
  20  1:35  Cybernetics Core  
  20  1:39  Probe  
  21  1:44  Assimilator  
  21  1:51  Probe  
  22  1:54  Pylon  
  22  2:02  Adept  
  22  2:03  Probe  
  23  2:15  Probe  
  24  2:27  Probe  
  24  2:32  Stalker  
  25  2:37  Probe x2  
  27  2:45  Probe x2  
  29  2:53  Probe  
  29  2:55  Probe, Robotics Facility  
  30  3:05  Probe  
  31  3:11  Probe  
  33  3:17  Probe  
  34  3:23  Probe  
  34  3:26  Probe  
  35  3:29  Warp Gate  
  35  3:30  Sentry  
  38  3:34  Probe  
  38  3:35  Probe  
  38  3:37  Observer  
  39  3:43  Probe  
  39  3:47  Probe  
  42  3:51  Gateway x2  
  42  3:56  Probe, Pylon  
  42  3:57  Sentry  
  42  3:59  Probe  
  46  4:12  Probe  
  46  4:13  Probe  
  46  4:18  Immortal  
  46  4:20  Assimilator, Probe  
  46  4:21  Assimilator  
  50  4:25  Probe  
  52  4:33  Pylon  
  52  4:40  Probe x2  
  54  4:52  Probe x2, Forge, Twilight Council  
  56  4:59  Immortal  
  60  5:05  Pylon  
  60  5:06  Protoss Ground Armor Level 1  
  60  5:11  Probe x2  
  62  5:16  Observer  
  62  5:19  Charge  
  62  5:28  Gateway  
  62  5:31  Gateway  
  62  5:32  Templar Archives  
  62  5:33  Gateway  
  62  5:36  Pylon, Gateway  
  62  5:38  Observer  
  62  5:40  Stalker, Observer  
  62  5:42  Stalker  
  66  5:46  Probe x2  
  66  5:53  Immortal  
  66  5:56  Zealot  
  72  6:08  Zealot x2  
  76  6:15  Pylon  
  76  6:16  Pylon  
  74  6:33  High Templar  
  74  6:34  Zealot x5, High Templar  
  74  6:38  Archon  
  70  6:58  Probe  
  70  7:00  Warp Prism  
  70  7:02  Probe  
  70  7:04  Protoss Ground Weapons Level 1  
  70  7:07  Probe  
  70  7:08  Psionic Storm  
  70  7:09  Nexus  
  70  7:14  Probe  
  72  7:15  High Templar x2, Pylon  
  72  7:20  Probe  
  77  7:26  Probe  
  78  7:32  Probe  
  79  7:37  High Templar  
  79  7:38  Probe  
  79  7:43  Forge  
  82  7:44  Probe  
  82  7:48  High Templar  
  82  7:50  Probe, Gateway  
  86  7:52  Gateway  
  86  7:53  Stalker  
  86  7:56  Pylon  
  86  7:57  Probe  
  87  7:59  Probe  
  88  8:06  Immortal  
  88  8:07  Probe  
  88  8:09  Probe  
  94  8:16  Probe  
  95  8:21  Probe  
  95  8:22  Protoss Ground Armor Level 2  
  95  8:24  Probe  
  97  8:28  Probe  
  97  8:33  Probe  
  97  8:34  Stalker  
  101  8:36  Zealot x3, High Templar x2, Probe  
  101  8:37  Zealot  
  101  8:40  Assimilator  
  101  8:41  Probe, Archon  
  115  8:43  Assimilator  
  115  8:45  Protoss Ground Weapons Level 2  
  115  8:57  Pylon  
  115  8:58  Observer, Pylon  
  115  9:09  Blink  
  116  9:22  Zealot x7  
  116  9:23  Zealot x2  
  132  9:28  Observer  
  133  9:33  Pylon  
  133  9:35  Pylon  
  131  9:44  Nexus  
  131  9:47  Pylon  
  131  9:50  Pylon  
  131  9:53  High Templar  
  131  9:54  Zealot x7, High Templar  
  131  9:59  Archon  
  147  10:09  Pylon  
  147  10:12  Pylon  
  145  10:15  Observer  
  141  10:21  Stalker x6  
  141  10:22  Stalker  
  141  10:23  Observer  
  149  10:37  Probe x3  
  149  10:39  Stalker x2  
  156  10:44  Protoss Ground Armor Level 3  
  155  10:53  Stalker x2  
  159  11:00  Robotics Bay  
  159  11:05  Probe x4  
  159  11:10  High Templar x4  
  159  11:11  Zealot x3  
  173  11:16  Archon x2  
  166  11:36  High Templar x2  
  166  11:37  High Templar  
  146  11:47  Zealot  
  146  11:48  Zealot x4  
  146  11:49  High Templar  
  138  12:10  Zealot x7  
  138  12:12  Probe x2  
  138  12:15  Probe x2  
  139  12:23  Probe  
  139  12:24  Probe  
  139  12:26  High Templar, Probe x2  
  142  12:32  Probe  
  142  12:34  Probe x2  
  142  12:36  Probe, Warp Prism  
  144  12:40  Probe  
  144  12:42  Probe  
  147  12:48  Probe x2  
  147  12:50  Probe  
  152  12:52  High Templar  
  152  12:53  Probe  
  152  12:54  High Templar x4  
  152  12:55  Zealot x2  
  168  13:00  Probe  
  168  13:03  Disruptor  
  151  13:08  Probe  
  151  13:10  Assimilator x2  
  153  13:25  Protoss Shields Level 1  
  153  13:28  Pylon  
  153  13:30  Pylon  
  153  13:34  Zealot x8  
  173  13:50  Robotics Facility  
  152  14:15  Stalker x5  
  151  14:36  Disruptor  
  147  14:45  Stalker  
  143  14:55  Gateway  
  143  14:57  Gateway  
  143  14:59  Gateway  
  143  15:00  Gateway  
  143  15:02  Gateway  
  143  15:03  Gateway  
  143  15:06  Colossus  
  145  15:38  Nexus  
  145  15:39  Pylon  
  145  15:42  Pylon  
  143  15:43  Pylon  
  143  15:44  Pylon  
  143  15:46  Pylon  
  143  15:47  Colossus  
  143  15:48  Pylon  
  143  15:51  Pylon  
  143  15:55  Probe x3  
  133  15:58  Stalker x5  
  141  16:17  Probe x3  
  142  16:22  Archon  
  142  16:29  Probe x2  
  144  16:39  Stalker x6  
  156  16:43  Colossus  
  156  16:49  Pylon  
  156  17:00  Pylon  
  154  17:05  Zealot x3  
  154  17:06  Zealot x3  
  162  17:17  Archon  
  159  17:30  Probe x3  
  159  17:31  Probe  
  162  17:39  Probe x4  
  172  17:47  Probe x4  
Show
View Real Time Build Order
Export as new Build Order

Kelazhur Terran 

Build Orders: Cyclone Opening 

Get SALT Encoding   

  12  0:00  SCV  
  13  0:12  SCV  
  14  0:17  Supply Depot  
  14  0:25  SCV  
  15  0:39  SCV  
  15  0:40  Barracks  
  16  0:46  Refinery  
  16  0:51  SCV  
  16  0:56  Refinery  
  17  1:03  SCV  
  18  1:15  SCV  
  19  1:27  Reaper, Orbital Command  
  20  1:44  Factory  
  20  1:53  Supply Depot  
  21  1:54  SCV  
  21  1:59  Reaper  
  22  2:06  SCV  
  23  2:18  SCV  
  23  2:30  SCV  
  23  2:34  Factory Tech Lab  
  24  2:40  Command Center  
  24  2:42  SCV  
  25  2:48  Supply Depot  
  25  2:53  Cyclone  
  25  2:55  SCV  
  29  2:58  Starport  
  29  3:07  SCV  
  29  3:19  SCV  
  30  3:25  Siege Tank  
  33  3:35  SCV, Barracks  
  33  3:36  Starport Tech Lab  
  34  3:44  Barracks Reactor  
  34  3:50  SCV  
  34  3:51  Barracks  
  34  3:53  Orbital Command  
  35  4:02  Siege Tank  
  38  4:03  SCV  
  39  4:15  SCV  
  39  4:16  Banshee  
  43  4:19  SCV  
  44  4:24  Marine x2  
  44  4:27  SCV  
  44  4:28  Marine  
  48  4:31  SCV  
  48  4:34  Supply Depot  
  48  4:39  SCV  
  48  4:45  SCV, Marine x2  
  50  4:51  Combat Shield, Factory Tech Lab  
  50  4:52  Marine  
  53  4:54  Marine  
  53  4:56  SCV  
  53  4:58  Supply Depot  
  55  5:07  Marine x2  
  55  5:09  SCV  
  55  5:11  Supply Depot  
  55  5:12  Siege Tank  
  55  5:13  SCV  
  59  5:22  Marine, Banshee  
  59  5:23  Marine  
  59  5:24  SCV  
  65  5:29  Marine  
  65  5:30  Marine, Supply Depot  
  65  5:34  SCV  
  68  5:40  Marine x2  
  70  5:45  SCV, Siege Tank  
  70  5:47  Marine  
  70  5:48  Marine  
  76  5:52  SCV  
  76  5:53  Supply Depot  
  76  5:55  Refinery  
  76  5:56  Refinery  
  77  5:57  SCV  
  77  5:58  Marine  
  77  6:01  Marine  
  80  6:05  SCV, Supply Depot  
  80  6:09  SCV, Marine x2  
  84  6:14  Banshee  
  84  6:16  Marine  
  84  6:17  SCV  
  89  6:24  Marine  
  90  6:31  SCV  
  90  6:32  Marine  
  89  6:33  Siege Tank  
  89  6:37  Marine x2  
  89  6:39  SCV, Stimpack  
  92  6:47  Marine  
  92  6:53  Marine  
  78  6:55  Marine  
  78  6:56  SCV  
  78  7:00  SCV  
  71  7:03  Engineering Bay  
  71  7:05  Siege Tank, Marine  
  73  7:08  SCV  
  73  7:10  Starport Reactor  
  73  7:14  Marine x2  
  73  7:16  Marauder, Engineering Bay  
  73  7:18  Concussive Shells  
  75  7:27  Marauder  
  75  7:28  Supply Depot  
  79  7:30  Terran Infantry Weapons Level 1  
  77  7:37  Barracks  
  77  7:39  Marine x2  
  77  7:40  Marauder, Barracks  
  77  7:43  Terran Infantry Armor Level 1  
  81  7:46  Supply Depot  
  81  7:51  Medivac  
  81  7:52  Medivac  
  81  7:54  Marauder  
  81  7:55  Factory Reactor  
  87  7:59  Marine x2  
  87  8:01  Marauder  
  91  8:16  Marauder  
  91  8:17  Marine x2  
  95  8:22  Marauder  
  95  8:25  Medivac  
  95  8:26  Medivac, Command Center  
  101  8:29  Barracks Reactor, Barracks Tech Lab  
  101  8:39  Widow Mine x2  
  101  8:40  Marauder, Marine x2  
  109  8:44  SCV x2  
  111  8:50  Supply Depot  
  111  8:54  Marauder x2  
  115  8:59  Medivac  
  117  9:03  Marine  
  117  9:08  Supply Depot  
  118  9:11  Marauder, Medivac, Marine  
  118  9:15  Marauder  
  125  9:17  Marine  
  126  9:29  SCV, Marine  
  126  9:30  Marauder  
  130  9:33  Marauder  
  130  9:37  Marauder  
  130  9:38  Marine  
  134  9:44  Orbital Command  
  135  9:51  Marauder  
  135  9:52  Marine x2  
  139  9:54  Marauder, Marine  
  139  9:57  Marine  
  142  10:01  Widow Mine  
  142  10:05  Widow Mine  
  131  10:18  Medivac x2  
  131  10:19  Marauder  
  131  10:20  Marine  
  125  10:21  Marine  
  125  10:22  Widow Mine  
  125  10:26  Widow Mine  
  130  10:30  Marauder  
  132  10:36  Marauder, Marine x2  
  136  10:45  Marine  
  136  10:46  Marauder, Marine  
  136  10:48  Medivac x2  
  144  10:52  Marauder  
  144  10:53  Armory, Marine  
  147  11:00  Marauder  
  147  11:01  Marine  
  147  11:03  Marine  
  148  11:07  Widow Mine  
  148  11:10  SCV  
  149  11:15  SCV x2, Marauder  
  153  11:22  SCV  
  153  11:23  Marauder  
  156  11:28  Marine  
  156  11:29  Marine  
  156  11:30  Marine  
  156  11:33  Marauder  
  156  11:35  Marine  
  156  11:36  Marauder  
  155  11:40  Medivac  
  155  11:43  Widow Mine  
  155  11:45  Marauder  
  134  11:48  Marine  
  134  11:53  Marine x2  
  131  11:54  Marauder  
  131  11:58  Marauder  
  131  11:59  Marine  
  129  12:04  Medivac  
  129  12:06  Marauder, Marine  
  124  12:13  Widow Mine  
  124  12:14  Marine, Widow Mine  
  121  12:16  Marauder  
  121  12:19  Marauder  
  125  12:27  Marauder  
  125  12:28  SCV  
  125  12:29  SCV  
  120  12:35  Terran Infantry Weapons Level 2  
  120  12:37  Marauder  
  120  12:39  SCV  
  120  12:41  Terran Infantry Armor Level 2  
  123  12:48  Marauder  
  126  12:52  Marine  
  126  12:53  Marauder, Liberator x2  
  119  13:09  Widow Mine x2  
  129  13:14  Marine x2  
  129  13:17  Ghost Academy  
  129  13:18  Marine x2  
  129  13:19  Marauder x3  
  139  13:32  Marine x2  
  139  13:33  Widow Mine x2  
  145  13:36  Marine  
  145  13:40  Marauder  
  148  13:42  Marine  
  148  13:43  Marauder  
  148  13:49  Command Center  
  148  13:50  Marine  
  148  13:53  Medivac  
  148  13:55  Marine  
  151  14:01  Marine  
  151  14:02  Marauder, Marine  
  143  14:23  Liberator  
  143  14:24  Marauder, Marine x2  
  145  14:25  Marine  
  145  14:28  Marine  
  140  14:35  Marine  
  140  14:36  Marauder  
  144  14:38  Widow Mine x2  
  144  14:41  Marine x2  
  147  14:51  Marine x2  
  147  14:52  Medivac  
  151  15:00  Ghost x3  
  154  15:09  Terran Infantry Weapons Level 3  
  154  15:14  Marine x2  
  156  15:22  Medivac  
  156  15:24  Medivac  
  156  15:28  SCV x3  
  163  15:29  Marine x2  
  165  15:40  SCV, Marine x3  
  169  15:46  Marauder  
  171  15:55  Marauder  
  171  15:57  Marine x2  
  156  15:58  Marauder  
  156  15:59  Widow Mine  
  154  16:04  Marine  
  154  16:08  Marauder  
  153  16:16  Neosteel Armor, Marine x3  
  153  16:17  Marauder  
  134  16:20  Marauder  
  134  16:22  Marine  
  135  16:29  Marauder  
  137  16:34  Marine  
  137  16:38  Marauder  
  138  16:40  Marine x2  
  138  16:41  Marauder  
  138  16:44  Liberator  
  138  16:47  Liberator  
  136  16:52  Marine x2  
  136  16:53  Marauder  
  136  16:58  Marine x2  
  136  17:00  Marauder  
  131  17:10  Marine  
  132  17:19  Marine  
  132  17:20  Marauder  
  129  17:25  Marauder, Marine x2  
  129  17:27  Widow Mine  
  119  17:32  Marine  
  120  17:40  Marine  
  120  17:41  Marine  
Tags
 
Add a new tag
Caveats
  • Supply blocks, unpowered buildings, or Contaminate may cause inaccurate times.
  • Supply counts are checked every 10 seconds.